[Event "December 5 Early 2023"]
[Site "https://www.chess.com"]
[Date "2023.12.05"]
[Round "11"]
[White "Navara, David"]
[Black "Zemlyanskii, Ivan"]
[Result "1-0"]
[Board "6"]
[TimeControl "180+1"]
[WhiteFideId "309095"]
[BlackFideId "24249971"]
[WhiteElo "2997"]
[BlackElo "3025"]
[WhiteTeam "CZE"]
[BlackTeam "RUS"]
[WhiteClock "0:01:15"]
[BlackClock "0:00:00"]

1. d4 d5 2. c4 e6 3. Nc3 c6 4. e3 Nf6 5. Nf3 Nbd7 6. Qc2 Bd6 7. b3 O-O 8. Be2 b6 9. O-O Bb7 10. Bb2 Qe7 11. Rad1 Rfe8 12. Rfe1 Rad8 13. Bf1 Nf8 14. e4 dxe4 15. Nxe4 Nxe4 16. Qxe4 Ng6 17. Qg4 Qf6 18. Ba1 Qf4 19. Qxf4 Nxf4 20. g3 c5 21. Ne5 Ng6 22. Nxg6 hxg6 23. Bg2 Bxg2 24. Kxg2 cxd4 25. Bxd4 Bb4 26. Rf1 Rd7 27. Be3 Red8 28. Rxd7 Rxd7 29. Rc1 f6 30. c5 bxc5 31. Bxc5 Bxc5 32. Rxc5 e5 33. h4 Kf7 34. Kf3 Ke6 35. Ra5 Rc7 36. b4 f5 37. Ra6+ Kf7 38. b5 e4+ 39. Kf4 Rd7 40. a4 Rd3 41. Rxa7+ Ke6 42. Ra6+ Kd5 43. Rxg6 Rf3+ 44. Kg5 Rxf2 45. Rxg7 e3 46. Re7 Kd4 47. b6 Rb2 48. b7 Kd3 49. a5 f4 50. Kxf4 e2 51. a6 1-0

[Event "December 5 Early 2023"]
[Site "https://www.chess.com"]
[Date "2023.12.05"]
[Round "11"]
[White "Klekowski, Maciej"]
[Black "Xiong, Jeffery"]
[Result "1-0"]
[Board "7"]
[TimeControl "180+1"]
[WhiteFideId "1132717"]
[BlackFideId "2047640"]
[WhiteElo "2867"]
[BlackElo "3011"]
[WhiteTeam "POL"]
[BlackTeam "USA"]
[WhiteClock "0:00:37"]
[BlackClock "0:01:25"]

1. c4 c5 2. Nc3 g6 3. g3 Bg7 4. Bg2 Nc6 5. e3 Bxc3 6. bxc3 f5 7. g4 d6 8. gxf5 Bxf5 9. d3 Nf6 10. e4 Bd7 11. Ne2 a6 12. a4 Rb8 13. h3 b5 14. axb5 axb5 15. cxb5 Rxb5 16. O-O O-O 17. d4 cxd4 18. cxd4 Rh5 19. Nf4 Rh4 20. e5 dxe5 21. dxe5 Nxe5 22. Ra8 Qc7 23. Qb3+ Nf7 24. Ne6 Bxe6 25. Rxf8+ Kxf8 26. Qxe6 h6 27. Ba3 Qe5 28. Bxe7+ Kg7 29. Re1 Qxe6 30. Rxe6 Nh5 31. Bxh4 1-0

[Event "December 5 Early 2023"]
[Site "https://www.chess.com"]
[Date "2023.12.05"]
[Round "11"]
[White "Grigoriants, Sergey"]
[Black "Nakamura, Hikaru"]
[Result "0-1"]
[Board "8"]
[TimeControl "180+1"]
[WhiteFideId "4130804"]
[BlackFideId "2016192"]
[WhiteElo "2943"]
[BlackElo "3233"]
[WhiteTeam "HUN"]
[BlackTeam "USA"]
[WhiteClock "0:00:08"]
[BlackClock "0:00:49"]

1. d4 g6 2. e4 Bg7 3. Nc3 a6 4. Nf3 d6 5. a4 b6 6. Bd3 Bb7 7. Ne2 Nd7 8. Ng3 e5 9. c3 Ngf6 10. O-O O-O 11. Re1 Re8 12. h3 exd4 13. cxd4 c5 14. d5 Qc7 15. Bf4 h5 16. Qd2 c4 17. Bc2 Rac8 18. Qb4 Bf8 19. Rac1 Ne5 20. Nd4 Nfd7 21. Qd2 Nc5 22. Bh6 Qe7 23. Bxf8 Qxf8 24. Re3 h4 25. Nge2 Ned3 26. Bxd3 cxd3 27. f3 dxe2 28. Rxe2 Qg7 29. b4 Nd3 0-1

[Event "December 5 Early 2023"]
[Site "https://www.chess.com"]
[Date "2023.12.05"]
[Round "11"]
[White "Caruana, Fabiano"]
[Black "Zhigalko, Sergei"]
[Result "1-0"]
[Board "9"]
[TimeControl "180+1"]
[WhiteFideId "2020009"]
[BlackFideId "13502956"]
[WhiteElo "3075"]
[BlackElo "2915"]
[WhiteTeam "USA"]
[BlackTeam "BLR"]
[WhiteClock "0:01:14"]
[BlackClock "0:00:04"]

1. c4 e5 2. Nc3 Nf6 3. Nf3 Nc6 4. Qc2 Bb4 5. Nd5 Ba5 6. a3 d6 7. e3 h6 8. Nxf6+ Qxf6 9. Bd3 O-O 10. O-O Be6 11. b4 Bb6 12. Bb2 Qe7 13. Be4 Rae8 14. Rac1 f6 15. c5 dxc5 16. bxc5 Ba5 17. Qa4 Bd7 18. Bxc6 Bxc6 19. Qxa5 Qd7 20. Qb4 a5 21. Qc4+ Bd5 22. Qe2 Qf7 23. e4 Bc6 24. d3 Rd8 25. Rfd1 Bb5 26. Rd2 Rd7 27. Qe3 Rfd8 28. d4 exd4 29. Bxd4 Qg6 30. h3 Bc6 31. Re1 Re8 32. Qf4 Bxe4 33. Nh4 Qg5 34. Rxe4 Rxe4 35. Qxe4 Qxd2 36. Qe8+ Kh7 37. Qxd7 Qxd4 38. Qxd4 1-0

[Event "December 5 Early 2023"]
[Site "https://www.chess.com"]
[Date "2023.12.05"]
[Round "11"]
[White "Pranav, V"]
[Black "Klukin, Kirill"]
[Result "1-0"]
[Board "10"]
[TimeControl "180+1"]
[WhiteFideId "25060783"]
[BlackFideId "24199273"]
[WhiteElo "3061"]
[BlackElo "2853"]
[WhiteTeam "IND"]
[BlackTeam "RUS"]
[WhiteClock "0:01:15"]
[BlackClock "0:00:01"]

1. e4 c5 2. Nf3 g6 3. d4 cxd4 4. Qxd4 Nf6 5. Bb5 a6 6. e5 axb5 7. exf6 Nc6 8. Qd3 b4 9. O-O d5 10. Re1 Bf5 11. Qb5 e6 12. Qxb7 Qc8 13. Qb5 Ra5 14. Qe2 Bc5 15. Nbd2 Bxc2 16. Nc4 dxc4 17. Qxc2 Qa6 18. Bh6 b3 19. Qe4 bxa2 20. Red1 Ra4 21. Bg7 c3 22. Qc2 cxb2 23. Qxb2 Rg8 24. Ng5 Bd4 25. Qb3 Bxa1 26. Qxe6+ fxe6 27. f7+ Ke7 28. fxg8=Q Qe2 29. Qf7# 1-0

[Event "December 5 Early 2023"]
[Site "https://www.chess.com"]
[Date "2023.12.05"]
[Round "11"]
[White "So, Wesley"]
[Black "Yuan, Qingyu"]
[Result "1-0"]
[Board "11"]
[TimeControl "180+1"]
[WhiteFideId "5202213"]
[BlackFideId "8609772"]
[WhiteElo "3045"]
[BlackElo "2828"]
[WhiteTeam "USA"]
[BlackTeam "CHN"]
[WhiteClock "0:02:22"]
[BlackClock "0:01:41"]

1. d4 Nf6 2. Bf4 d5 3. e3 c5 4. dxc5 Nc6 5. Bb5 Qa5+ 6. Nc3 Ne4 7. Qxd5 Nxc3 8. Bxc6+ bxc6 9. Qxc6+ Kd8 10. b4 Bd7 11. Qxa8+ 1-0

[Event "December 5 Early 2023"]
[Site "https://www.chess.com"]
[Date "2023.12.05"]
[Round "11"]
[White "Sarana, Alexey"]
[Black "Dragnev, Valentin"]
[Result "1-0"]
[Board "12"]
[TimeControl "180+1"]
[WhiteFideId "24133795"]
[BlackFideId "1634852"]
[WhiteElo "2998"]
[BlackElo "2817"]
[WhiteTeam "SRB"]
[BlackTeam "AUT"]
[WhiteClock "0:00:57"]
[BlackClock "0:00:00"]

1. d4 Nf6 2. c4 e6 3. Nc3 d5 4. cxd5 exd5 5. Bg5 c6 6. e3 Bf5 7. Qf3 Bg6 8. Bxf6 Qxf6 9. Qxf6 gxf6 10. h4 Nd7 11. Nh3 Bd6 12. g3 a5 13. Nf4 a4 14. Bh3 a3 15. b3 Bxf4 16. gxf4 Rg8 17. h5 Bd3 18. Kd2 Ba6 19. Na4 Nf8 20. Rag1 Rh8 21. Rg7 Bb5 22. Nb6 Rd8 23. h6 Ke7 24. Nc8+ Ke8 25. Bf5 Ba6 26. Nb6 Ke7 27. Rhg1 Ne6 28. Bxe6 Kxe6 29. f5+ Ke7 30. Na4 Ra8 31. Nc5 b6 32. Na4 Rab8 33. f3 Rb7 34. e4 dxe4 35. fxe4 Bb5 36. Nc3 Rd7 37. Ke3 Ba6 38. Na4 Rhd8 39. Rd1 Bb5 40. Nc3 Ba6 41. Rxh7 c5 42. Nd5+ Rxd5 43. exd5 Rxd5 44. Rg7 Rxf5 45. h7 Rh5 46. dxc5 Rh3+ 47. Kf4 bxc5 48. Re1+ Kd6 49. Re8 Bd3 50. h8=Q Rxh8 51. Rxh8 Bb1 52. Rh2 1-0

[Event "December 5 Early 2023"]
[Site "https://www.chess.com"]
[Date "2023.12.05"]
[Round "11"]
[White "Finek, Vaclav"]
[Black "Firouzja, Alireza"]
[Result "1/2-1/2"]
[Board "13"]
[TimeControl "180+1"]
[WhiteFideId "23718293"]
[BlackFideId "12573981"]
[WhiteElo "2843"]
[BlackElo "3155"]
[WhiteTeam "CZE"]
[BlackTeam "FRA"]
[WhiteClock "0:00:18"]
[BlackClock "0:02:09"]

1. d4 e6 2. Nf3 d5 3. g3 Nf6 4. Bg2 c5 5. O-O Nc6 6. c4 dxc4 7. Qa4 Bd7 8. Qxc4 b5 9. Qd3 c4 10. Qd1 Rc8 11. b3 Nb4 12. bxc4 Rxc4 13. Nbd2 Rc8 14. Ba3 Qa5 15. Bxb4 Bxb4 16. Nb3 Qa3 17. Ne5 O-O 18. g4 Rfd8 19. g5 Nd5 20. e3 Be8 21. Qg4 a5 22. Be4 a4 23. Qh3 g6 24. Nc1 Bc3 25. Rb1 Bxd4 26. Ncd3 Bxe5 27. Nxe5 Nc3 28. Bb7 Nxb1 29. Bxc8 Nd2 30. Ng4 Kf8 31. Qxh7 Qc3 32. Nf6 Rxc8 33. Qh8+ Ke7 34. Rd1 Nf3+ 35. Kg2 Nxg5 36. Ng8+ Kf8 37. Nf6+ Ke7 38. Ng8+ Kf8 39. Nf6+ Ke7 1/2-1/2

[Event "December 5 Early 2023"]
[Site "https://www.chess.com"]
[Date "2023.12.05"]
[Round "11"]
[White "Bluebaum, Matthias"]
[Black "Javakhadze, Zurab"]
[Result "1-0"]
[Board "14"]
[TimeControl "180+1"]
[WhiteFideId "24651516"]
[BlackFideId "13603647"]
[WhiteElo "3022"]
[BlackElo "2839"]
[WhiteTeam "GER"]
[BlackTeam "GEO"]
[WhiteClock "0:01:01"]
[BlackClock "0:00:00"]

1. d4 d5 2. c4 e6 3. Nc3 Nf6 4. cxd5 exd5 5. Bg5 c6 6. e3 Bd6 7. Bd3 O-O 8. Nf3 Nbd7 9. Qc2 h6 10. Bh4 Re8 11. Bg3 Nf8 12. Ne5 a6 13. f4 c5 14. O-O b5 15. Bh4 Be7 16. Nc6 Qd6 17. Nxe7+ Rxe7 18. Bxf6 gxf6 19. dxc5 Qxc5 20. Kh1 Rxe3 21. Qf2 d4 22. Ne4 Qe7 23. Rad1 Bf5 24. Nc3 Rxd3 25. Nd5 Qd8 26. Rxd3 Bxd3 27. Qg3+ Bg6 28. Nb4 Qd6 29. a3 Re8 30. Rd1 Re3 31. Qf2 Qe6 32. h3 d3 33. f5 Bxf5 34. Nd5 Rxh3+ 35. gxh3 Qxd5+ 36. Kh2 Qe5+ 37. Kg1 Bg6 38. Re1 Qg5+ 39. Kh2 Ne6 40. h4 Qf4+ 41. Qxf4 Nxf4 42. Kg3 Nd5 43. Kf2 h5 44. Re8+ Kg7 45. Ke1 Nf4 46. Ra8 Ng2+ 47. Kd2 Nxh4 48. Rxa6 Nf3+ 49. Ke3 Ne5 50. b3 h4 51. Rd6 h3 52. Kf2 Be4 53. Kg3 Bg2 54. a4 bxa4 55. bxa4 Bf1 56. a5 Nc4 57. Rd5 d2 58. a6 Be2 59. a7 Nb6 60. Rxd2 Bf1 61. Rd6 Na8 62. Rd4 Bg2 63. Rg4+ Kf8 64. Rb4 Ke7 65. Rh4 f5 66. Kf4 Ke6 67. Rh6+ f6 68. Rh8 Nc7 69. Kg3 Ke5 70. Rc8 f4+ 71. Kf2 Na8 72. Rh8 Kf5 73. Rh5+ Kg4 74. Rh8 Bd5 75. Rh7 1-0

[Event "December 5 Early 2023"]
[Site "https://www.chess.com"]
[Date "2023.12.05"]
[Round "11"]
[White "Paravyan, David"]
[Black "Gharibyan, Mamikon"]
[Result "1/2-1/2"]
[Board "15"]
[TimeControl "180+1"]
[WhiteFideId "4194985"]
[BlackFideId "13308300"]
[WhiteElo "2993"]
[BlackElo "2828"]
[WhiteTeam "FID"]
[BlackTeam "ARM"]
[WhiteClock "0:00:04"]
[BlackClock "0:00:05"]

1. e4 e5 2. Nf3 Nc6 3. Bc4 Bc5 4. d3 Nf6 5. Be3 d6 6. Bxc5 dxc5 7. Bb5 Qd6 8. Nbd2 Be6 9. Bxc6+ bxc6 10. b3 Nd7 11. Ng5 O-O 12. Qh5 Nf6 13. Qh4 Qd4 14. O-O Qc3 15. Ndf3 Bg4 16. Nxh7 Nxh7 17. Qxg4 Qxc2 18. Nxe5 Rae8 19. f4 Qc3 20. Nd7 Qd4+ 21. Kh1 f5 22. Qf3 Qxd7 23. e5 Rd8 24. Rac1 Qxd3 25. Qxc6 Qe2 26. Rce1 Qxa2 27. e6 Rfe8 28. e7 Rb8 29. Qd5+ Kh8 30. Re3 Qb2 31. Qxf5 Qf6 32. Qxc5 Qd6 33. Qxa7 Rb4 34. f5 Kg8 35. Rfe1 Nf6 36. Re6 Qf4 37. h3 Rd4 38. Qc5 Rd2 39. Qe3 Qxe3 40. R1xe3 Kf7 41. Rc6 Rd5 42. Rxc7 Rxf5 43. Rb7 Rc5 44. b4 Rc1+ 45. Kh2 Nd5 46. Rf3+ Nf6 47. Re3 Nd5 48. Re5 Rxe7 49. Rf5+ Ke6 50. Rxe7+ Nxe7 51. Rf8 Rb1 52. Rb8 g6 53. b5 Kf7 54. b6 Ke6 55. b7 Kd7 56. Kg3 Rb4 57. Kf3 Kc6 58. Re8 Rxb7 59. Kg4 Kd6 60. Ra8 Ke6 61. Kg5 Kf7 62. Ra2 Rb5+ 63. Kg4 Kf6 64. Kg3 Rb3+ 65. Kh2 Nf5 66. Rf2 Kg5 67. Ra2 Ng3 68. Ra5+ Kh6 69. Ra1 Kg5 70. Ra2 Kf4 71. Rf2+ Ke5 72. Ra2 Ne4 73. Ra8 Rb2 74. Ra6 g5 75. Ra8 Kf4 76. Rf8+ Ke5 77. Re8+ Kf5 78. Rf8+ Nf6 79. Ra8 Ke5 80. Ra3 Nd5 81. Rg3 Kf5 82. Rf3+ Nf4 83. Rg3 Kg6 84. h4 Kh5 85. Rxg5+ Kxh4 86. Rg8 Rxg2+ 87. Rxg2 Nxg2 1/2-1/2

[Event "December 5 Early 2023"]
[Site "https://www.chess.com"]
[Date "2023.12.05"]
[Round "11"]
[White "BestStelker"]
[Black "Tran, Tuan Minh"]
[Result "0-1"]
[Board "16"]
[TimeControl "180+1"]
[BlackFideId "12401820"]
[WhiteElo "2823"]
[BlackElo "2940"]
[BlackTeam "VIE"]
[WhiteClock "0:00:00"]
[BlackClock "0:02:05"]

1. d4 Nf6 2. Nf3 e6 3. e3 c5 4. Bd3 b6 5. O-O Be7 6. b3 O-O 7. Bb2 Nc6 8. a3 Bb7 9. Nbd2 a6 10. Qe2 b5 11. dxc5 Bxc5 12. Ng5 g6 13. Qf3 e5 14. Qh3 h5 15. Rad1 d5 16. c4 bxc4 17. bxc4 d4 18. exd4 Nxd4 19. Bxd4 Bxd4 20. Nde4 Rb8 21. Nxf6+ Qxf6 22. Ne4 Qc6 0-1

[Event "December 5 Early 2023"]
[Site "https://www.chess.com"]
[Date "2023.12.05"]
[Round "11"]
[White "Nguyen, Quoc Hy"]
[Black "Svane, Rasmus"]
[Result "1/2-1/2"]
[Board "17"]
[TimeControl "180+1"]
[WhiteFideId "12410853"]
[BlackFideId "4657101"]
[WhiteElo "2819"]
[BlackElo "2935"]
[WhiteTeam "VIE"]
[BlackTeam "GER"]
[WhiteClock "0:00:05"]
[BlackClock "0:00:10"]

1. d4 d5 2. c4 e6 3. Nc3 a6 4. cxd5 exd5 5. Bf4 Nf6 6. e3 Bd6 7. Be5 c6 8. Bd3 Qe7 9. Bxd6 Qxd6 10. Nf3 Bg4 11. h3 Bxf3 12. gxf3 O-O 13. Qc2 Nbd7 14. Bf5 Nb6 15. O-O-O Kh8 16. Rhg1 g6 17. Bd3 Rac8 18. Kb1 c5 19. dxc5 Rxc5 20. Qb3 Rfc8 21. Qb4 Nbd7 22. f4 R5c6 23. Qd4 Qc5 24. Ne2 Qxd4 25. Nxd4 Rc5 26. h4 Kg7 27. Be2 Ne4 28. f3 Nef6 29. Bd3 Re8 30. Rde1 Nb6 31. f5 Rc7 32. Rg5 Kf8 33. Nc2 Nbd7 34. Nd4 Ne5 35. Bf1 Rce7 36. fxg6 hxg6 37. Bg2 Ned7 38. Nc2 Nb6 39. f4 Nh7 40. Rg3 Nf6 41. Rg5 Kg7 42. f5 Re5 43. fxg6 fxg6 44. Rg3 Nc4 45. b3 Nd6 46. Nd4 Kf7 47. Rf1 Rxe3 48. Rxe3 Rxe3 49. Bxd5+ Ke7 50. Bh1 Rh3 51. Nf3 Nf5 52. Re1+ Kd6 53. Ng5 Rxh4 54. Bxb7 Nd7 55. Bxa6 Nc5 56. Bc4 Rh2 57. Nf7+ Kc7 58. a4 Nd6 59. Re7+ Kc6 60. Nxd6 Kxd6 61. Rg7 Rg2 62. a5 g5 63. a6 Rg1+ 64. Kb2 Rg2+ 65. Ka3 Rg1 66. a7 Ra1+ 67. Kb2 Ra5 68. b4 Ra4 69. bxc5+ Kxc5 70. Bb3 Ra6 71. Rxg5+ Kb6 72. Rg6+ Kxa7 73. Rg7+ Kb6 74. Rg4 Ra7 75. Rb4+ Kc5 76. Rc4+ Kd6 77. Rd4+ Kc5 78. Kc3 Rc7 79. Rd5+ Kc6 80. Kd4 Re7 81. Bc4 Kc7 82. Kc5 Rd7 83. Rh5 Re7 84. Bd5 Kd7 85. Rh6 Kc7 86. Ra6 Rd7 87. Ra7+ Kd8 88. Ra8+ Kc7 89. Bc6 Re7 90. Ra7+ Kd8 91. Ra1 Kc7 92. Bd5 Rd7 93. Rb1 Re7 94. Rb7+ Kd8 95. Rb6 Kc7 96. Rc6+ Kd7 97. Ra6 Kc7 98. Bc6 Re5+ 99. Bd5 Re7 100. Rb6 Kd7 101. Rb8 Kc7 102. Rb7+ Kd8 103. Rb1 Kc7 104. Rc1 Kd7 105. Kd4 Kd6 106. Rc6+ Kd7 107. Kc5 Kd8 108. Be6 Rc7 109. Rxc7 Kxc7 1/2-1/2

[Event "December 5 Early 2023"]
[Site "https://www.chess.com"]
[Date "2023.12.05"]
[Round "11"]
[White "Kamsky, Gata"]
[Black "Hayrapetyan, Hovik"]
[Result "1-0"]
[Board "18"]
[TimeControl "180+1"]
[WhiteFideId "2000024"]
[BlackFideId "13302639"]
[WhiteElo "2933"]
[BlackElo "2820"]
[WhiteTeam "USA"]
[BlackTeam "ARM"]
[WhiteClock "0:00:17"]
[BlackClock "0:00:00"]

1. d4 Nf6 2. Bf4 d5 3. e3 c5 4. c3 Nc6 5. Nd2 Bg4 6. Qb3 Qc8 7. a4 e6 8. h3 Bh5 9. Ngf3 Be7 10. Be2 O-O 11. O-O Ne4 12. Rfe1 Nxd2 13. Nxd2 Bg6 14. a5 Qd7 15. a6 b6 16. Bb5 Bd6 17. Qa4 Rac8 18. Nf3 Bxf4 19. exf4 Qc7 20. g3 cxd4 21. Bxc6 dxc3 22. Nd4 cxb2 23. Rab1 Bxb1 24. Rxb1 b5 25. Qxb5 Rb8 26. Bb7 Qc1+ 27. Qf1 Qc3 28. Nb5 Qc2 29. Nxa7 Rxb7 30. axb7 Rb8 31. Nb5 Rxb7 32. Nd4 Qe4 33. Qd1 Rb8 34. Kh2 h6 35. h4 Rb4 36. Nf3 d4 37. Ne5 f6 38. Nd3 Rb8 39. Rxb2 Rxb2 40. Nxb2 e5 41. Nd3 Qd5 42. fxe5 fxe5 43. f3 e4 44. fxe4 Qxe4 45. Nf2 Qe3 46. Kg2 Kh8 47. Qd3 Qe5 48. Qe4 Qc5 49. Nd3 Qc2+ 50. Kh3 Qc4 51. Nf4 Qc8+ 52. Kg2 Qc3 53. Ng6+ Kg8 54. h5 Qd2+ 55. Kh3 1-0

[Event "December 5 Early 2023"]
[Site "https://www.chess.com"]
[Date "2023.12.05"]
[Round "11"]
[White "Maksimovic, Bojan"]
[Black "Yeremyan, Alen"]
[Result "1/2-1/2"]
[Board "19"]
[TimeControl "180+1"]
[WhiteFideId "14408120"]
[BlackFideId "13308998"]
[WhiteElo "2929"]
[BlackElo "2803"]
[WhiteTeam "BIH"]
[BlackTeam "ARM"]
[WhiteClock "0:00:08"]
[BlackClock "0:01:04"]

1. e4 Nf6 2. e5 Nd5 3. Nf3 d6 4. d4 Bg4 5. Be2 c6 6. exd6 exd6 7. O-O Be7 8. Nbd2 O-O 9. Ne4 Nf6 10. Ng3 Nbd7 11. h3 Bxf3 12. Bxf3 Re8 13. Re1 d5 14. c3 Bf8 15. Be3 g6 16. Ne2 Bg7 17. Nf4 Nf8 18. Nd3 Ne6 19. Qc2 Qd6 20. Re2 Re7 21. Rae1 Rae8 22. Bc1 b6 23. a4 c5 24. dxc5 bxc5 25. b3 c4 26. bxc4 dxc4 27. Ne5 Qc5 28. Nc6 Rd7 29. Be3 Qa3 30. Nxa7 Nd5 31. Nb5 Qb3 32. Bd4 Red8 33. Bxg7 Kxg7 34. Ra1 Ndf4 35. Qxb3 Nxe2+ 36. Bxe2 cxb3 37. Rb1 Nc5 38. Nd4 Nxa4 39. Rxb3 Nxc3 40. Ne6+ fxe6 41. Rxc3 e5 42. Re3 Kf6 43. g3 h5 44. Kg2 Rd2 45. Bf3 Rb8 46. Be4 Rbb2 47. Rf3+ Kg7 48. h4 Re2 49. Bd5 e4 50. Rf7+ Kh6 51. g4 hxg4 52. Kg3 e3 53. fxe3 Rxe3+ 54. Kxg4 Rb4+ 55. Rf4 Rxf4+ 56. Kxf4 Rd3 57. Bf3 Rd4+ 58. Kg3 Kg7 59. Bb7 Kf6 60. Bc8 Rc4 61. Bd7 Rd4 62. Bc8 Ke5 63. Bb7 Rb4 64. Bc8 Rb1 65. Kg4 Rg1+ 66. Kf3 Kf6 67. Kf4 Kg7 68. Bg4 Kh6 69. Bf3 Rf1 70. Kg3 Rb1 71. Be4 Rb4 72. Bf3 Kg7 73. Bg4 Kf6 74. Bc8 Rc4 75. Bd7 Rc3+ 76. Kg4 Rc4+ 77. Kg3 1/2-1/2

[Event "December 5 Early 2023"]
[Site "https://www.chess.com"]
[Date "2023.12.05"]
[Round "11"]
[White "Weetik, Vjacheslav"]
[Black "Vokhidov, Shamsiddin"]
[Result "0-1"]
[Board "20"]
[TimeControl "180+1"]
[WhiteFideId "4153472"]
[BlackFideId "14204223"]
[WhiteElo "2800"]
[BlackElo "2912"]
[WhiteTeam "RUS"]
[BlackTeam "UZB"]
[WhiteClock "0:00:31"]
[BlackClock "0:01:42"]

1. d4 Nf6 2. Bf4 d5 3. e3 c5 4. c3 Nc6 5. Nd2 Qb6 6. Qb3 c4 7. Qc2 Nh5 8. Bg5 h6 9. Bh4 g5 10. Be2 Ng7 11. Bg3 Nf5 12. e4 Nxg3 13. hxg3 e6 14. Ngf3 Bg7 15. O-O Bd7 16. b3 cxb3 17. axb3 Rc8 18. Qb1 O-O 19. e5 Ne7 20. c4 g4 21. c5 Qb4 22. Rxa7 gxf3 23. Nxf3 Ra8 24. Rxa8 Rxa8 25. Qd3 Ra2 26. Rb1 Nc6 27. Bd1 Na7 28. Bc2 Nb5 29. Rd1 Qc3 30. Qh7+ Kf8 31. Bg6 fxg6 32. Nh4 Be8 33. Nxg6+ Bxg6 34. Qxg6 Qc2 0-1

[Event "December 5 Early 2023"]
[Site "https://www.chess.com"]
[Date "2023.12.05"]
[Round "11"]
[White "Sychev, Klementy"]
[Black "Damjanovic, Vuk"]
[Result "1-0"]
[Board "21"]
[TimeControl "180+1"]
[WhiteFideId "4114060"]
[BlackFideId "980021"]
[WhiteElo "2905"]
[BlackElo "2788"]
[WhiteTeam "FID"]
[BlackTeam "SRB"]
[WhiteClock "0:01:14"]
[BlackClock "0:00:22"]

1. e4 Nc6 2. Nf3 d6 3. d4 Nf6 4. Nc3 g6 5. h3 a6 6. Be3 b5 7. d5 Nb8 8. Bd3 c6 9. dxc6 Nxc6 10. Nd5 Nxd5 11. exd5 Nb4 12. Bd4 f6 13. Be4 Bb7 14. c4 Qa5 15. Bc3 bxc4 16. a3 Nd3+ 17. Qxd3 cxd3 18. Bxa5 Bg7 19. Bc3 O-O 20. Nd4 e5 21. Ne6 Rfc8 22. g4 Bh6 23. Rd1 Rab8 24. Rxd3 Rc4 25. f3 Bc8 26. h4 Bf8 27. h5 g5 28. Nxf8 Kxf8 29. Bxh7 1-0

[Event "December 5 Early 2023"]
[Site "https://www.chess.com"]
[Date "2023.12.05"]
[Round "11"]
[White "Samunenkov, Ihor"]
[Black "Harutjunyan, Gevorg"]
[Result "0-1"]
[Board "22"]
[TimeControl "180+1"]
[WhiteFideId "14187086"]
[BlackFideId "13300873"]
[WhiteElo "2762"]
[BlackElo "2895"]
[WhiteTeam "UKR"]
[BlackTeam "ARM"]
[WhiteClock "0:00:00"]
[BlackClock "0:01:26"]

1. d4 Nf6 2. Nf3 g6 3. Nbd2 Bg7 4. e4 d6 5. Be2 O-O 6. O-O c5 7. c3 Nc6 8. d5 Nb8 9. a4 e6 10. dxe6 Bxe6 11. Ng5 Nc6 12. Nxe6 fxe6 13. Qb3 Qd7 14. a5 d5 15. exd5 exd5 16. Nf3 c4 17. Qc2 Rae8 18. Be3 Rxe3 19. fxe3 Ng4 20. Rfe1 Bh6 21. Bf1 Bxe3+ 22. Rxe3 Nxe3 23. Qd2 Nxf1 24. Rxf1 Nxa5 25. Rd1 Nc6 26. Qxd5+ Qxd5 27. Rxd5 Rd8 28. Rxd8+ Nxd8 29. Ne5 b5 30. Kf2 Kg7 31. Ke3 Kf6 32. Ke4 Ke6 33. Nf3 Kd6 34. Ng5 h6 35. Nf3 Ne6 36. Ne5 Nc5+ 37. Kd4 Na4 38. Nxg6 Nxb2 39. Ke3 Na4 40. Kd2 Nc5 41. g4 Ne4+ 42. Kc2 a5 43. h4 b4 44. cxb4 axb4 45. Nf4 b3+ 46. Kb2 Kc5 47. g5 hxg5 48. Ne6+ Kb4 0-1

[Event "December 5 Early 2023"]
[Site "https://www.chess.com"]
[Date "2023.12.05"]
[Round "11"]
[White "Mamedov, Edgar"]
[Black "Baskakov, Egor"]
[Result "1-0"]
[Board "23"]
[TimeControl "180+1"]
[WhiteFideId "13739980"]
[BlackFideId "24197866"]
[WhiteElo "2758"]
[BlackElo "2893"]
[WhiteTeam "KAZ"]
[BlackTeam "RUS"]
[WhiteClock "0:01:15"]
[BlackClock "0:01:18"]

1. d4 Nf6 2. Bg5 e6 3. e4 Be7 4. e5 Nd5 5. Bxe7 Nxe7 6. Nf3 d6 7. Nbd2 c5 8. exd6 Qxd6 9. Ne4 Qc7 10. Nxc5 b6 11. Ne4 Bb7 12. Bb5+ Nbc6 13. O-O O-O 14. c3 Rfd8 15. Qe2 Nd5 16. Rfe1 a6 17. Ba4 Rac8 18. g3 Nce7 19. Neg5 Nf5 20. Bc2 Nde7 21. Nxf7 Kxf7 22. Qxe6+ Kf8 23. Ng5 Qc4 24. Nxh7+ Ke8 25. Qxf5 Rd7 26. Qf8# 1-0

[Event "December 5 Early 2023"]
[Site "https://www.chess.com"]
[Date "2023.12.05"]
[Round "11"]
[White "Popov, Konstantin"]
[Black "Gabrielian, Artur"]
[Result "1/2-1/2"]
[Board "24"]
[TimeControl "180+1"]
[WhiteFideId "34137910"]
[BlackFideId "4131002"]
[WhiteElo "2888"]
[BlackElo "2751"]
[WhiteTeam "FID"]
[BlackTeam "RUS"]
[WhiteClock "0:00:43"]
[BlackClock "0:00:07"]

1. e4 c5 2. Nf3 d6 3. d4 cxd4 4. Nxd4 Nf6 5. Nc3 Nc6 6. Bg5 Bd7 7. Bxf6 gxf6 8. Nb3 f5 9. exf5 Bxf5 10. Bd3 Qd7 11. O-O Rg8 12. Re1 Bg7 13. Nd5 Kf8 14. Qf3 Bg4 15. Qe4 Ne5 16. Nd4 e6 17. Nf4 d5 18. Qe3 Nxd3 19. Nxd3 Qe7 20. h3 Bxd4 21. Qxd4 Bxh3 22. g3 Bf5 23. Nf4 Be4 24. c4 Rd8 25. cxd5 exd5 26. Nxd5 Rxd5 27. Qxe4 Qxe4 28. Rxe4 Rg6 29. Rf4 Rd2 30. b4 h5 31. Rc1 Rg4 32. Rxg4 hxg4 33. a4 Rd4 34. Rb1 Ke7 35. Kf1 Kd6 36. Ke2 Kd5 37. Ke3 f5 38. a5 a6 39. b5 Ra4 40. bxa6 bxa6 41. Rb6 Rxa5 42. Kf4 Kc5 43. Rf6 Kb4 44. Rb6+ Kc4 45. Rf6 Kd3 46. Re6 Kd4 47. Rd6+ Kc5 48. Rf6 Kb4 49. Re6 Kc3 50. Rd6 Kc2 51. Kg5 Kc3 52. Kf4 Kb3 53. Kg5 Ka4 54. Rf6 Kb4 55. Kf4 Kc4 56. Rd6 Kc5 57. Rf6 1/2-1/2

[Event "December 5 Early 2023"]
[Site "https://www.chess.com"]
[Date "2023.12.05"]
[Round "11"]
[White "Kuzubov, Yuriy"]
[Black "Kozak, Antoni"]
[Result "1-0"]
[Board "25"]
[TimeControl "180+1"]
[WhiteFideId "14112906"]
[BlackFideId "21832030"]
[WhiteElo "2866"]
[BlackElo "2736"]
[WhiteTeam "UKR"]
[BlackTeam "POL"]
[WhiteClock "0:00:17"]
[BlackClock "0:00:00"]

1. d4 Nf6 2. c4 e6 3. Nf3 d5 4. Nc3 Ne4 5. Qc2 Nxc3 6. bxc3 b6 7. e4 Be7 8. cxd5 exd5 9. e5 c5 10. Bd3 c4 11. Be2 g6 12. Nd2 Bf5 13. Qb2 h5 14. Nf1 h4 15. Ne3 Be6 16. O-O Nc6 17. f4 Qd7 18. Bf3 O-O-O 19. a4 Na5 20. Qb5 Qb7 21. Rb1 f5 22. Bd2 Rhg8 23. Qxa5 bxa5 24. Rxb7 Kxb7 25. Nxc4 Ka6 26. Ne3 Rb8 27. Nxd5 Bxd5 28. Bxd5 Rgd8 29. Bc4+ Kb6 30. Bf7 Kc6 31. Bxg6 Rb2 32. Rf2 Rb1+ 33. Rf1 Rb2 34. Rd1 h3 35. Bxf5 hxg2 36. d5+ Rxd5 37. Be4 Bc5+ 38. Kxg2 Be3 39. Kf3 Bxd2 40. c4 Kc5 41. cxd5 Rb3+ 42. Kg4 Be3 43. d6 Rb4 44. Kf5 Rb8 45. d7 Rf8+ 46. Ke6 1-0

[Event "December 5 Early 2023"]
[Site "https://www.chess.com"]
[Date "2023.12.05"]
[Round "11"]
[White "Kokoszczynski, Jan"]
[Black "Bocharov, Dmitry"]
[Result "0-1"]
[Board "26"]
[TimeControl "180+1"]
[WhiteFideId "1174460"]
[BlackFideId "4138716"]
[WhiteElo "2677"]
[BlackElo "2843"]
[WhiteTeam "POL"]
[BlackTeam "RUS"]
[WhiteClock "0:00:05"]
[BlackClock "0:00:12"]

1. e4 c5 2. Nf3 Nc6 3. d4 cxd4 4. Nxd4 Nf6 5. Nc3 e5 6. Ndb5 d6 7. Bg5 a6 8. Na3 b5 9. Nd5 Be7 10. Bxf6 Bxf6 11. c4 b4 12. Nc2 a5 13. g3 O-O 14. Bg2 Rb8 15. b3 g6 16. O-O Bg7 17. Qd3 f5 18. a3 f4 19. axb4 axb4 20. Rfd1 Bg4 21. f3 Bd7 22. g4 h5 23. h3 Kh7 24. Ra6 Qh4 25. Qd2 Rf7 26. Qf2 Qd8 27. Kf1 Bh6 28. Ke2 Bg5 29. Rda1 Bh4 30. Qg1 hxg4 31. hxg4 Kg7 32. Kd3 Be8 33. R1a2 Rfb7 34. Qa1 Kg8 35. Ra8 Bf7 36. R2a6 Ne7 37. Rxb8 Rxb8 38. Ra7 Nxd5 39. exd5 Bf2 40. Ra6 e4+ 41. fxe4 Qh4 42. Bf3 Bc5 43. Qf1 Re8 44. Ra1 Qf6 45. Qe1 g5 46. Ra6 Bg6 47. Nxb4 Qb2 48. Qc3 Qf2 49. Qf6 Qxf3+ 50. Kd2 Bxb4+ 51. Kc1 Qf1+ 52. Kb2 Qe2+ 53. Kb1 Bxe4+ 54. Ka1 Qe1+ 55. Ka2 Qd2+ 56. Ka1 Bc3+ 57. Qxc3 Qxc3+ 58. Ka2 0-1